 Dungeon Crawl Stone Soup version 0.19-a0-958-gd69d43c (webtiles) character file.

4888 Ijustatesigmund the Carver (level 10, -12/80 HPs)
             Began as a Demonspawn Fighter on July 11, 2016.
             Was a Priest of Okawaru.
             Mangled by a white ugly thing (29 damage)
             ... on level 8 of the Dungeon.
             The game lasted 00:23:51 (8016 turns).

Ijustatesigmund the Carver (Demonspawn Fighter)     Turns: 8016, Time: 00:23:54

Health: -12/80     AC: 12    Str: 22    XL:     10   Next: 26%
Magic:  16/16      EV: 15    Int:  9    God:    Okawaru [***...]
Gold:   164        SH: 11    Dex: 21    Spells: 0 memorised, 9 levels left

rFire  . . .     SeeInvis .     a - +2 long sword (drain)
rCold  . . .     Gourm    .     o - +2 leather armour {MR+}
rNeg   . . .     Faith    +     c - +1 shield
rPois  .         Spirit   .     y - +0 helmet
rElec  .         Dismiss  .     m - +2 cloak
rCorr  .         Reflect  .     (no gloves)
SustAt .         Harm     .     (no boots)
MR     +....                    e - amulet of faith
Stlth  +++.......               E - +5 ring of strength
                                G - +3 ring of protection

@: agile, very slightly contaminated, hasted, very quick, somewhat resistant to
hostile enchantments, fairly stealthy
A: talons 1, demonic guardian 1, spiny 3
a: Heroism, Renounce Religion


You were on level 8 of the Dungeon.
You worshipped Okawaru.
Okawaru was most pleased with you.
You were not hungry.

You visited 2 branches of the dungeon, and saw 9 of its levels.

You collected 372 gold pieces.
You spent 208 gold pieces at shops.

Inventory:

Hand Weapons
 a - a +2 long sword of draining (weapon)
 w - a +0 scimitar
Missiles
 s - a throwing net (quivered)
Armour
 c - a +1 shield (worn)
 m - a +2 cloak (worn)
 o - a +2 leather armour of magic resistance (worn)
 q - a +0 chain mail
 y - a +0 helmet (worn)
 N - a +0 large shield
Jewellery
 d - an uncursed ring of stealth
 e - an amulet of faith (around neck)
 i - an uncursed ring of see invisible
 t - an uncursed ring of fire
 E - a +5 ring of strength (right hand)
 G - a +3 ring of protection (left hand)
Wands
 b - a wand of hasting (4/9)
 r - a wand of polymorph (12/24)
 u - a wand of iceblast (4/15)
 v - a wand of slowing (28/48)
 x - a wand of enslavement (14/24)
 D - a wand of random effects (24/48)
Scrolls
 g - 2 scrolls of enchant weapon
 A - 5 scrolls of remove curse
 B - a scroll of fear {unknown}
 H - a scroll of enchant armour
 K - a scroll of immolation {unknown}
Potions
 j - a potion of lignification
 l - a potion of brilliance
 n - 2 potions of agility
 z - a potion of cure mutation
 C - a potion of heal wounds {unknown}
 F - a potion of cancellation {unknown}
 J - a potion of ambrosia {unknown}
 L - 2 potions of curing
Comestibles
 f - 5 bread rations
 h - 8 beef jerkies
 k - 16 fruits
 p - 2 meat rations
 I - 8 slices of pizza


   Skills:
 - Level 8.0 Fighting
 + Level 9.8 Long Blades
 - Level 4.3 Armour
 - Level 2.4 Dodging
 - Level 2.6 Shields
 + Level 8.2 Invocations


You had 9 spell levels left.
You didn't know any spells.

Dungeon Overview and Level Annotations

Branches:
Dungeon (8/15)             Temple (1/1) D:6
   Lair: D:8-11

Altars:
Ashenzari
Cheibriados
Dithmenos
Elyvilon
Fedhas
Gozag
Hepliaklqana
Kikubaaqudgha
Makhleb
Nemelex Xobeh
Okawaru
Pakellas
Qazlal
Ru
Sif Muna
Trog
Uskayaw
Vehumet
Xom
Yredelemnul
Zin
The Shining One

Shops:
D:8 !

Annotations:
D:7 exclusion: oklob plant


Innate Abilities, Weirdness & Mutations

You have sharp toenails.
A weak demonic guardian rushes to your aid.
You are completely covered in sharp spines.


Message History

You hit the white ugly thing. You drain the white ugly thing!
You claw the white ugly thing, but do no damage.
The white ugly thing is heavily wounded.
The white ugly thing punches you! The white ugly thing freezes you!
Your white imp gestures at the white ugly thing.
The puff of frost hits the white ugly thing.
The white ugly thing resists.
You feel yourself speed up.
The white ugly thing completely misses your white imp.
Your white imp gestures at the white ugly thing.
The puff of frost hits the white ugly thing.
The white ugly thing resists.
You are very lightly contaminated with residual magic.
You barely miss the white ugly thing.
You claw the white ugly thing, but do no damage.
The white ugly thing is severely wounded.
The white ugly thing punches you!
* * * LOW HITPOINT WARNING * * *
The white ugly thing freezes you!!
You die...

##.###..#....##.......#
#... ##.#
#....#####.#####.# #.##
...###.#### #.# #.####
#... #####...# #.# #....#
#..# #...# #.# #.##.#
#..# #...#
#.#####.##.#####..# ##
#...# #.......##...∩.....
.# #...#
###5#.##.###########
.####...######).@.....#
.............()u5#.#..##
.............))..#...(..
.>.............###.#.###.
.####...######.......# ##
#...# ##..#.#.# #...#
#......# #...# ####.####
#...#### #.......#
#######


You could see a white ugly thing, a friendly crimson imp and a friendly white
imp.

Vanquished Creatures
  Pikel (D:5)
  Grinder (D:5)
  Sigmund (D:5)
  A human (D:8)
  2 hungry ghosts (D:7)
  Menkaure (D:5)
  Duvessa (D:7)
  2 orc warriors
  2 sky beasts
  A slave (D:5)
  2 phantoms
  A necrophage (D:5)
  An ogre (D:7)
  A centaur (D:6)
  Blork the orc (D:5)
  2 giant frogs
  A big kobold (D:7)
  A scorpion (D:5)
  Dowan (D:7)
  5 wights
  A crimson imp (D:6)
  3 orc priests
  5 hounds
  9 jellies (D:7)
  3 iguanas
  Ijyb (D:2)
  Terence (D:3)
  9 worker ants
  10 orc wizards
  Natasha (D:3)
  4 sheep (D:8)
  2 worker ant zombies
  6 gnolls
  5 adders
  A shadow imp (D:8)
  12 oozes
  An adder skeleton (D:3)
  3 worms
  A dart slug (D:1)
  2 giant geckos
  32 orcs
  2 ball pythons
  6 bats
  6 giant cockroaches
  5 goblins
  7 hobgoblins
  6 jackals
  15 kobolds
  3 quokkas (D:2)
  A ball python zombie (D:5)
  4 giant newts
  5 rats
201 creatures vanquished.

Vanquished Creatures (collateral kills)
  Joseph (D:7)
  An orc warrior (D:8)
  A black bear (D:6)
  An ogre (D:6)
  A jelly (D:7)
  An orc wizard (D:8)
  5 oozes (D:7)
  3 orcs
14 creatures vanquished.

Vanquished Creatures (others)
  An ogre (D:5)
  An orc wizard (D:4)
  An adder (D:5)
  3 fungi (D:7)
6 creatures vanquished.

Grand Total: 221 creatures vanquished

Notes
Turn   | Place    | Note
-------+----------+-------------------------------------------
     0 | D:1      | Ijustatesigmund the Demonspawn Fighter began the quest for the Orb.
     0 | D:1      | Reached XP level 1. HP: 18/18 MP: 1/1
    50 | D:1      | Reached skill level 2 in Long Blades
   216 | D:1      | Gained mutation: You are partially covered in sharp spines. [demonic ancestry]
   216 | D:1      | Reached XP level 2. HP: 24/24 MP: 2/2
   603 | D:1      | Reached skill level 1 in Dodging
   603 | D:1      | Gained mutation: You are mostly covered in sharp spines. [demonic ancestry]
   603 | D:1      | Reached XP level 3. HP: 29/29 MP: 3/3
  1040 | D:2      | Reached XP level 4. HP: 28/37 MP: 4/4
  1188 | D:2      | Noticed Ijyb
  1194 | D:2      | Killed Ijyb
  1273 | D:2      | Found a sacrificial altar of Ru.
  1485 | D:2      | Reached skill level 3 in Long Blades
  2008 | D:3      | Reached XP level 5. HP: 40/42 MP: 5/5
  2026 | D:3      | Noticed Terence
  2034 | D:3      | Killed Terence
  2083 | D:3      | Noticed Natasha
  2087 | D:3      | Killed Natasha
  2927 | D:4      | Gained mutation: You are completely covered in sharp spines. [demonic ancestry]
  2927 | D:4      | Reached XP level 6. HP: 49/49 MP: 6/6
  3010 | D:4      | Reached skill level 5 in Fighting
  3010 | D:4      | Reached skill level 4 in Long Blades
  3560 | D:5      | Entered Level 5 of the Dungeon
  3567 | D:5      | Noticed Sigmund
  3576 | D:5      | Killed Sigmund
  3576 | D:5      | Gained mutation: A weak demonic guardian rushes to your aid. [demonic ancestry]
  3576 | D:5      | Reached XP level 7. HP: 49/57 MP: 7/7
  3598 | D:5      | Noticed Blork the orc
  3604 | D:5      | Killed Blork the orc
  3604 | D:5      | Reached skill level 5 in Long Blades
  3794 | D:5      | Found a glowing golden altar of the Shining One.
  3832 | D:5      | Found an ancient bone altar of Kikubaaqudgha.
  3872 | D:5      | Reached XP level 8. HP: 65/65 MP: 8/8
  3982 | D:5      | Noticed Menkaure
  3987 | D:5      | Killed Menkaure
  3987 | D:5      | Reached skill level 6 in Long Blades
  4174 | D:5      | Noticed Pikel
  4205 | D:5      | Killed Pikel
  4294 | D:5      | Found a shattered altar of Ashenzari.
  4294 | D:5      | Noticed Grinder
  4295 | D:5      | Paralysed by Grinder for 2 turns
  4316 | D:5      | Killed Grinder
  4316 | D:5      | Reached skill level 7 in Long Blades
  4620 | D:5      | Found a bloodstained altar of Trog.
  5031 | D:6      | Reached XP level 9. HP: 69/74 MP: 9/9
  5080 | D:6      | Found a staircase to the Ecumenical Temple.
  5097 | Temple   | Entered the Ecumenical Temple
  5307 | Temple   | Became a worshipper of Warmaster Okawaru
  5480 | D:6      | Reached skill level 1 in Invocations
  5520 | D:6      | Reached skill level 8 in Long Blades
  6438 | D:7      | Reached * piety under Okawaru
  6438 | D:7      | Reached skill level 5 in Invocations
  6540 | D:7      | Noticed an oklob plant
  6569 | D:7      | Reached skill level 9 in Long Blades
  6743 | D:7      | Noticed Dowan
  6749 | D:7      | Killed Dowan
  6751 | D:7      | Noticed Duvessa
  6760 | D:7      | Killed Duvessa
  6761 | D:7      | Noticed Joseph
  7117 | D:7      | Killed Joseph
  7117 | D:7      | Reached ** piety under Okawaru
  7117 | D:7      | Gained mutation: You have sharp toenails. [demonic ancestry]
  7117 | D:7      | Reached XP level 10. HP: 80/80 MP: 15/15
  7588 | D:8      | Found a hazy altar of Hepliaklqana.
  7597 | D:8      | Found a deep blue altar of Sif Muna.
  7647 | D:8      | Found a sparkling altar of Nemelex Xobeh.
  7891 | D:8      | Reached *** piety under Okawaru
  7947 | D:8      | Found Geissed's Distillery.
  7955 | D:8      | Bought a potion of curing for 39 gold pieces
  7955 | D:8      | Bought a potion of curing for 39 gold pieces
  7955 | D:8      | Bought a potion of haste for 130 gold pieces
  8008 | D:8      | Noticed a white ugly thing
  8016 | D:8      | Mangled by a white ugly thing

Vault maps used:
D:1:      lemuel_arrival_river_ford, serial_bayou_ford_a
D:2:      hangedman_ru_absence, guppyfry_early_lair_pool, uniq_iyjb
D:3:      uniq_terence, uniq_natasha
D:4:      first_bread
D:5:      kennysheep_mini, kiku_gazebo_pond_becter, cheibrodos_ashenzari_chains,
          tso_metal_star, uniq_blork_the_orc, uniq_pikel, uniq_sigmund,
          uniq_menkaure, uniq_grinder
D:7:      lemuel_slime, uniq_duvessa, uniq_joseph
D:8:      grunt_temple_overflow_open, serial_shops, shop, grunt_livestock
Temple:   regret_index_temple_generic_petals

Skill      XL: |  1  2  3  4  5  6  7  8  9 10 |
---------------+-------------------------------+-----
Long Blades    | 2 3 4 5 7 9 |  9.8
Dodging        | 1 2 |  2.4
Fighting       | 4 5 6 8 |  8.0
Armour         | 4 |  4.3
Invocations    | 7 8 |  8.2
Shields        | |  2.6

Action                   |  1- 3 |  4- 6 |  7- 9 | 10-12 || total
-------------------------+-------+-------+-------+-------++-------
Melee: Long sword        |    88 |   137 |   194 |    95 ||   514
       Scimitar          |       |       |   102 |       ||   102
       Kick              |       |       |       |    38 ||    38
Invok: Heroism           |       |       |     1 |       ||     1
  Use: Scroll            |     4 |     5 |     4 |     5 ||    18
       Potion            |       |     1 |     2 |     2 ||     5
 Stab: Invisible         |       |     1 |       |       ||     1
       Distracted        |       |       |     2 |       ||     2
  Eat: Chunk             |       |     9 |    11 |       ||    20
       Meat ration       |       |       |     2 |       ||     2
Armor: Scale mail        |    36 |    21 |       |       ||    57
       Chain mail        |       |    38 |   103 |       ||   141
       Leather armour    |       |       |       |    15 ||    15
Dodge: Dodged            |    27 |    25 |    52 |    29 ||   133
Block: Shield            |    45 |    63 |    91 |    47 ||   246
